 Dungeon Crawl Stone Soup version 0.28-a0-1199-gef9e1dbd39 (webtiles) character file.

Game seed: 11503804193805630690

1322 jtrev the Basher (level 8, -3/46 HPs)
             Began as a Gargoyle Berserker on Dec 19, 2021.
             Was a Priest of Trog.
             Slain by an unseen horror (6 damage)
             ... on level 6 of the Dungeon.
             The game lasted 00:33:12 (6168 turns).

jtrev the Basher (Gargoyle Berserker)               Turns: 6168, Time: 00:33:13

Health: -3/46      AC: 17    Str: 29    XL:     8   Next: 59%
Magic:  8/8        EV: 11    Int:  8    God:    Trog [***...]
Gold:   203        SH:  0    Dex:  9    Spells: 7/7 levels left

rFire   + . .      SeeInvis .   a - +0 mace
rCold   . . .      Faith    +   (no shield)
rNeg    + . .      Spirit   .   w - +1 ring mail {rF+}
rPois   ∞          Reflect  .   (no helmet)
rElec   +          Harm     .   (no cloak)
rCorr   .          Rampage  .   v - +0 pair of gloves
Will    ++...                   (no boots)
Stlth   ..........              E - amulet of faith {!P}
HPRegen 1.15/turn               e - +4 ring of protection
MPRegen 0.11/turn               h - +6 ring of strength

@: strong-willed, on berserk cooldown, attractive, regenerating, slowed, very
slow
A: sickness immunity, AC +5, negative energy resistance 1, electricity
resistance, torment resistance 1, petrification resistance
a: Renounce Religion, Berserk, Trog's Hand


You were on level 6 of the Dungeon.
You worshipped Trog.
Trog was most pleased with you.
You visited 1 branch of the dungeon, and saw 6 of its levels.

You collected 203 gold pieces.

Inventory:

Hand Weapons
 a - a +0 mace (weapon)
Armour
 i - a +0 leather armour
   (You found it on level 1 of the Dungeon)
 v - a +0 pair of gloves (worn)
   (You found it on level 3 of the Dungeon)
 w - a +1 ring mail of fire resistance (worn)
   (You found it on level 2 of the Dungeon)
 D - a +0 chain mail
   (You took it off an orc on level 3 of the Dungeon)
Jewellery
 e - a +4 ring of protection (left hand)
   (You found it on level 1 of the Dungeon)
 f - a ring of ice
   (You found it on level 1 of the Dungeon)
 h - a +6 ring of strength (right hand)
   (You found it on level 1 of the Dungeon)
 u - a +6 ring of dexterity
   (You found it on level 4 of the Dungeon)
 E - an amulet of faith (around neck) {!P}
   (You found it on level 5 of the Dungeon)
Scrolls
 b - 3 scrolls of vulnerability {unknown}
 c - 4 scrolls of acquirement {unknown}
 d - 3 scrolls of fear {unknown}
 g - 2 scrolls of immolation {unknown}
 k - a scroll of amnesia {unknown}
 l - a scroll of enchant weapon {unknown}
 p - 6 scrolls of identify {unknown}
 q - a scroll of blinking {unknown}
 r - a scroll of noise {unknown}
 s - a scroll of fog {unknown}
 t - a scroll of magic mapping {unknown}
 y - a scroll of torment {unknown}
 A - 3 scrolls of holy word {unknown}
 B - a scroll of brand weapon {unknown}
 C - a scroll of summoning {unknown}
Potions
 m - a potion of haste {@q3}
 n - a potion of brilliance {unknown}
 o - a potion of lignification {!q}
 x - a potion of attraction {!q}
 z - a potion of flight {unknown}
 F - a potion of curing {unknown}
 G - a potion of berserk rage {unknown}


   Skills:
 - Level 3.2 Fighting
 + Level 10.6 Maces & Flails
 - Level 2.1 Armour
 - Level 1.5 Dodging


You had 7 spell levels left.
You didn't know any spells.
Your spell library was empty.

Dungeon Overview and Level Annotations

Branches:
Dungeon (6/15)             Temple (0/1) D:6

Altars:

Annotations:
D:1 1 runed translucent door


Innate Abilities, Weirdness & Mutations

You are immune to sickness and miasma.
Your stone body is resilient. (AC +5)
You are immune to poison.
You resist negative energy. (rN+)
You are resistant to electric shocks. (rElec)
You are resistant to unholy torment.
You are immune to petrification.


Message History

Something hits you but does no damage. Something hits you.
* * * LOW HITPOINT WARNING * * *
You closely miss something. Something hits you but does no damage.
Something hits you but does no damage.
Unknown command.
You hit something. Something hits you but does no damage.
Something hits you but does no damage.
You sock something! Something hits you but does no damage.
Something hits you but does no damage. Something completely misses you.
You thump something! Something hits you but does no damage.
Something hits you but does no damage. Something hits you but does no damage.
Something hits you!
* * * LOW HITPOINT WARNING * * *
Something hits you but does no damage.
Unknown command.
Unknown command.
Something hits you but does no damage.
You closely miss something. Something hits you but does no damage.
Your skin crawls.
You feel strong-willed. Something hits you but does no damage.
Something hits you but does no damage.
It was a potion of attraction.
You feel attractive to monsters. Something hits you but does no damage.
Something hits you.
* * * LOW HITPOINT WARNING * * *
Something hits you.
* * * LOW HITPOINT WARNING * * *
Something hits you.
* * * LOW HITPOINT WARNING * * *
You closely miss something. Something hits you but does no damage.
Something hits you but does no damage.
You closely miss something. Something hits you but does no damage.
Something completely misses you. Something hits you.
* * * LOW HITPOINT WARNING * * *
You barely miss something. Something hits you.
You die...

............'......####..≈≈≈≈≈≈≈≈
...##....####............≈≈≈≈≈≈S≈
...##....# #...##.###...≈P≈≈≈P≈S
.........####.)..#.......S≈≈≈≈≈≈≈
.>...............######≈.##?...♣♣
.................#...............
...##............####.#.......###
...##.#'######+#.# #†#####.....#
......#.######.#@####.# #...###
...............#......# #[....
###.....########......# #...###
+.................[.# #...#
#....##########.....# #...#
#.....# #......#####...# #.<.<.#
#.........?†...# #.#####.#
#.####.♣≈.♣♣#..# ..# #.# #.
...♣♣.♣ ♣..#


There were no monsters in sight!

Vanquished Creatures
  Sigmund (D:3)
  A sky beast (D:6)
  A black bear (D:4)
  A necrophage (D:6)
  2 ogres
  A kobold brigand (D:4)
  A bullfrog (D:4)
  A scorpion (D:4)
  An electric eel (D:6)
  An orc priest (D:5)
  4 hounds
  2 centaur skeletons
  2 iguanas
  A hound skeleton (D:4)
  A howler monkey zombie (D:5)
  3 gnolls (D:4)
  6 adders
  A white imp (D:6)
  An ufetubus (D:5)
  An adder zombie (D:4)
  A worm (D:3)
  10 orcs
  7 endoplasms
  3 giant cockroaches
  8 goblins
  6 hobgoblins
  4 jackals (D:1)
  25 kobolds
  5 quokkas
  11 ball pythons
  4 bats (D:2)
  2 frilled lizards
  2 rats
121 creatures vanquished.

Vanquished Creatures (others)
  A white imp (D:6)
  42 plants
43 creatures vanquished.

Grand Total: 164 creatures vanquished

Notes
Turn   | Place    | Note
-------+----------+-------------------------------------------
     0 | D:1      | jtrev the Gargoyle Berserker began the quest for the Orb.
     0 | D:1      | Reached XP level 1. HP: 14/14 MP: 1/1
     1 | D:1      | Found a runed translucent door.
     7 | D:1      | Noticed a jelly
    53 | D:1      | Reached XP level 2. HP: 19/19 MP: 2/2
   374 | D:1      | Reached skill level 4 in Maces & Flails
   511 | D:1      | Reached XP level 3. HP: 23/23 MP: 3/3
   834 | D:1      | Reached ** piety under Trog
  1535 | D:2      | Reached XP level 4. HP: 20/28 MP: 4/4
  1727 | D:2      | You fall into a shaft and drop 2 floors!
  1757 | D:4      | Reached skill level 5 in Maces & Flails
  1880 | D:4      | Reached XP level 5. HP: 32/32 MP: 5/5
  1995 | D:4      | Noticed an ogre
  2010 | D:4      | Killed an ogre
  2011 | D:4      | Reached skill level 6 in Maces & Flails
  2011 | D:4      | Reached XP level 6. HP: 37/37 MP: 6/6
  2276 | D:4      | Reached skill level 7 in Maces & Flails
  2567 | D:4      | Reached XP level 7. HP: 36/41 MP: 7/7
  3666 | D:3      | Reached *** piety under Trog
  3760 | D:3      | Noticed Sigmund
  3774 | D:3      | Killed Sigmund
  3775 | D:3      | Reached skill level 8 in Maces & Flails
  4421 | D:5      | Entered Level 5 of the Dungeon
  4446 | D:4      | Reached skill level 9 in Maces & Flails
  4644 | D:5      | Reached XP level 8. HP: 41/46 MP: 8/8
  5422 | D:6      | Found a staircase to the Ecumenical Temple.
  5489 | D:6      | Reached skill level 10 in Maces & Flails
  6165 | D:6      | HP: 2/46 [something (3)]
  6168 | D:6      | Slain by an unseen horror

Illustrated notes

Levels and vault maps discovered:
D:1:      dpeg_arrival_caged_fury, layout_basic, serial_forest,
          infiniplex_forest_pool, infiniplex_forest_clump_curved,
          infiniplex_forest_end_2, infiniplex_forest_fountain,
          infiniplex_forest_clump_long, infiniplex_forest_straight_2,
          nrook_uturn, minmay_domino_2
D:2:      layout_basic, hangedman_decor_clover_reticule, hex_tiny,
          hangedman_decor_riveting, grunt_ministairs_4
D:3:      layout_basic, uniq_sigmund
D:4:      kennysheep_kobold_camp, layout_gridville, minmay_diced_spiral
D:5:      layout_loops_cross
D:6:      layout_basic, minmay_temple_entry_stoned_glass, serial_bayou,
          serial_bayou_shore_a, serial_bayou_ford_a, serial_bayou_crossing,
          serial_bayou_pond_b

Skill      XL: |  1  2  3  4  5  6  7  8 |
---------------+-------------------------+-----
Maces & Flails | 4 5 6 7 9 10 | 10.6
Fighting       | |  3.2
Armour         | |  2.1
Dodging        | |  1.5

Action                   |  1- 3 |  4- 6 |  7- 9 || total
-------------------------+-------+-------+-------++-------
Melee: Mace              |    94 |   150 |   275 ||   519
Invok: Berserk           |     2 |     3 |     4 ||     9
       Trog's Hand       |       |     1 |     4 ||     5
  Use: Potion            |       |       |     6 ||     6
Armor: Animal skin       |    31 |       |       ||    31
       Leather armour    |     5 |    77 |    37 ||   119
       Ring mail         |       |       |   166 ||   166
       Skin              |       |       |    51 ||    51
Dodge: Dodged            |    47 |    84 |   144 ||   275

Table legend: (Time is in decaauts)
 A = Elapsed time spent in this place.
 B = Non-inter-level travel time spent in this place.
 C = Inter-level travel time spent in this place.
 D = Time resting spent in this place.
 E = Time spent auto-exploring this place.
 F = Levels seen in this place.
 G = Mean time per level.
                   A        B        C        D        E       F      G
               +--------+--------+--------+--------+--------+-----+--------+
         Total |   6254 |   5964 |    290 |    877 |   3639 |   6 | 1042.3 |
       Dungeon |   6254 |   5964 |    290 |    877 |   3639 |   6 | 1042.3 |
               +--------+--------+--------+--------+--------+-----+--------+

Top non-repeatable levels by time:
     D:4: 1503 daAuts
     D:1: 1460 daAuts
     D:3: 918 daAuts
     D:2: 830 daAuts
     D:5: 792 daAuts
     D:6: 749 daAuts
